 Dungeon Crawl Stone Soup version 0.21.1-1-g345015fe64 (webtiles) character file.

4997 Oravi the Martial Artist (level 10, 0/68 HPs)
             Began as a Merfolk Transmuter on Apr 9, 2018.
             Was a Priest of Qazlal.
             Slain by Gastronok (22 damage)
             ... on level 8 of the Dungeon on Apr 10, 2018.
             The game lasted 00:50:12 (10430 turns).

Oravi the Martial Artist (Merfolk Transmuter)      Turns: 10430, Time: 00:50:13

Health: 0/68       AC:  2    Str: 16    XL:     10   Next: 54%
Magic:  11/13      EV: 28    Int: 15    God:    Qazlal [***...]
Gold:   415        SH:  4    Dex: 20    Spells: 7/13 levels left

rFire    + . .     SeeInvis .     - Unarmed
rCold    . . .     Gourm    +   (shield currently unavailable)
rNeg     + . .     Faith    .   (armour currently unavailable)
rPois    x         Spirit   .   (helmet currently unavailable)
rElec    .         Reflect  .   (cloak currently unavailable)
rCorr    .         Harm     .   (gloves currently unavailable)
MR       .....                  (boots currently unavailable)
Stlth    +.........             n - amulet of the gourmand
HPRegen  0.21/turn              e - ring of protection from fire
MPRegen  0.13/turn              p - ring of positive energy

@: mighty, spider-form, hasted, very quick
A: tiny, (change form in water), (swift swim), (stealthy swim)
a: End Transformation, Upheaval, Elemental Force, Renounce Religion


You were on level 8 of the Dungeon.
You worshipped Qazlal.
Qazlal was most pleased with you.
You were completely stuffed.
You were a venomous arachnid creature.
You visited 2 branches of the dungeon, and saw 9 of its levels.

You collected 415 gold pieces.

Inventory:

Missiles
 a - 113 arrows
Armour
 b - a +1 robe (melded)
 m - a +0 cloak of invisibility (melded)
 q - a +0 pair of boots (melded)
Jewellery
 e - a ring of protection from fire (left front leg)
 n - an amulet of the gourmand (around neck)
 p - a ring of positive energy (right front leg)
Wands
 s - a wand of random effects (76)
 w - a wand of paralysis (5)
 B - a wand of flame (31)
Scrolls
 f - 5 scrolls of teleportation
 j - a scroll of fog
 l - 6 scrolls of identify
 o - 2 scrolls of magic mapping
 u - 3 scrolls of remove curse
 v - a scroll of fear
Potions
 g - 3 potions of lignification
 h - 2 potions of flight
 k - a potion of agility
 z - a potion of brilliance
Books
 c - a book of Changes

   Spells                             Type                      Level
   a - Beastly Appendage              Transmutation                1
   b - Sticks to Snakes               Transmutation                2
   c - Spider Form                    Transmutation/Poison         3
   d - Ice Form                       Ice/Transmutation            4
   e - Blade Hands                    Transmutation                5
 i - a book of Callings

   Spells                             Type                      Level
   a - Summon Small Mammal            Summoning                    1
   b - Call Imp                       Summoning                    2
   c - Call Canine Familiar           Summoning                    3
   d - Summon Guardian Golem          Hexes/Summoning              3
   e - Summon Lightning Spire         Summoning/Air                4
   f - Summon Ice Beast               Ice/Summoning                4
 y - a book of Necromancy

   Spells                             Type                      Level
   a - Pain                           Necromancy                   1
   b - Animate Skeleton               Necromancy                   1
   c - Vampiric Draining              Necromancy                   3
   d - Regeneration                   Charms/Necromancy            3
   e - Animate Dead                   Necromancy                   4
   f - Borgnjor's Vile Clutch         Necromancy/Earth             5
 C - a book of Conjurations

   Spells                             Type                      Level
   a - Magic Dart                     Conjuration                  1
   b - Searing Ray                    Conjuration                  2
   c - Dazzling Spray                 Conjuration/Hexes            3
   d - Fulminant Prism                Conjuration/Hexes            4
   e - Force Lance                    Conjuration/Translocation    4
   f - Iskenderun's Mystic Blast      Conjuration                  4
Comestibles
 d - 9 rations
 x - 13 chunks of flesh


   Skills:
 + Level 2.4 Fighting
 * Level 8.4 Dodging
 + Level 11.7 Unarmed Combat
 - Level 2.0 Spellcasting
 * Level 9.2 Transmutations
 * Level 6.4 Poison Magic


You had 7 spell levels left.
You knew the following spells:

 Your Spells              Type           Power        Failure   Level  Hunger
a - Beastly Appendage     Tmut           ####..       3%          1    #......
b - Sticks to Snakes      Tmut           ####....     4%          2    ###....
c - Spider Form           Tmut/Pois      ####......   10%         3    ###....


Dungeon Overview and Level Annotations

Branches:
Dungeon (8/15)             Temple (1/1) D:5
   Lair: D:8-11

Altars:
Ashenzari
Cheibriados
Dithmenos
Elyvilon
Fedhas
Gozag
Hepliaklqana
Kikubaaqudgha
Makhleb
Nemelex Xobeh
Okawaru
Qazlal
Ru
Sif Muna
Trog
Uskayaw
Vehumet
Wu Jian
Xom
Yredelemnul
Zin
The Shining One

Shops:
D:7 :

Annotations:
D:6 Lusmu's ghost, novice MfIE
D:8 Gastronok


Message History

You feel very mighty all of a sudden.
Gastronok waves his eye-stalks in wide circles.
The air twists around and strikes you!
You bite Gastronok!
Gastronok is lightly wounded.
You bite Gastronok!
Gastronok is lightly wounded.
You maul Gastronok!!
Gastronok looks as sick as possible!
Gastronok is moderately wounded.
You maul Gastronok!!
Gastronok looks as sick as possible!
Gastronok is heavily wounded.
Gastronok closely misses you.
You bite Gastronok!
Gastronok looks as sick as possible!
Gastronok is heavily wounded.
You maul Gastronok!!
Gastronok looks as sick as possible!
Gastronok is severely wounded.
You bite Gastronok!
Gastronok looks as sick as possible!
Gastronok is severely wounded.
Gastronok bites you!!
You die...

..........$#.........###### ..#..
..........(..(...................
.........##.(........... ..##....
#######..##>..w......####........
##.............#...........
#.#.............# #...[..
#.##....##.#.#.### #......
.......###w#.#...###......
.........s.#.###..##<.....
.....[..ยง.....>)#%#[[.....
.#####.#.#####..#<(((##### #.#.#
#...([.## #.#.# #(##....'.... #.#
#. #..###.... ... #.#.... ..# ...
#.#.#... .# #.......# #


You could see Gastronok.

Vanquished Creatures
  Pikel (D:6)
  2 hungry ghosts (D:8)
  Eustachio (D:6)
  Edmund (D:5)
  Duvessa (D:5)
  2 slaves (D:6)
  3 phantoms
  5 orc warriors
  2 black bears
  3 ogres
  2 centaurs
  2 big kobolds (D:7)
  2 gnoll sergeants (D:8)
  4 bullfrogs
  Dowan (D:5)
  A water moccasin zombie (D:7)
  5 killer bees
  9 wights (D:6)
  3 crimson imps
  3 hounds
  A jelly (D:7)
  2 orc priests
  A bullfrog zombie (D:8)
  5 orc wizards
  An iguana (D:8)
  5 worker ants
  A hound zombie (D:5)
  A hound skeleton (D:5)
  4 worker ant zombies
  44 gnolls
  A howler monkey skeleton (D:4)
  13 adders
  A shadow imp (D:6)
  An ooze (D:1)
  An adder zombie (D:6)
  A worm (D:2)
  3 dart slugs
  5 leopard geckos
  26 orcs
  3 ball pythons
  4 giant cockroaches
  8 goblins
  11 hobgoblins
  30 jackals
  A quokka (D:4)
  5 bats
  3 frilled lizards
  14 kobolds
  16 rats
265 creatures vanquished.

Vanquished Creatures (others)
  A slave (D:6)
  2 orcs
  A quokka (D:5)
4 creatures vanquished.

Grand Total: 269 creatures vanquished

Notes
Turn   | Place    | Note
-------+----------+-------------------------------------------
     0 | D:1      | Oravi the Merfolk Transmuter began the quest for the Orb.
     0 | D:1      | Reached XP level 1. HP: 15/15 MP: 3/3
    47 | D:1      | Reached XP level 2. HP: 17/21 MP: 3/5
   179 | D:1      | Reached XP level 3. HP: 9/26 MP: 4/6
   190 | D:1      | Learned a level 2 spell: Sticks to Snakes
   194 | D:1      | Learned a level 3 spell: Spider Form
   954 | D:2      | Found a blossoming altar of Fedhas.
   969 | D:2      | Reached XP level 4. HP: 24/32 MP: 3/7
  1043 | D:2      | Found a faded altar of an unknown god.
  1045 | D:2      | Reached skill level 4 in Unarmed Combat
  1077 | D:2      | Reached skill level 1 in Poison Magic
  1828 | D:2      | Reached XP level 5. HP: 29/37 MP: 0/8
  2407 | D:3      | Reached skill level 5 in Transmutations
  2407 | D:3      | Reached XP level 6. HP: 36/44 MP: 6/9
  2637 | D:3      | Reached skill level 5 in Unarmed Combat
  3224 | D:3      | HP: 1/44 [orc priest/divine providence (12)]
  3613 | D:4      | Noticed a phantom
  3693 | D:4      | Killed a phantom
  3973 | D:4      | Noticed a phantom
  3993 | D:4      | Killed a phantom
  3993 | D:4      | Reached XP level 7. HP: 32/49 MP: 8/10
  4124 | D:4      | Reached skill level 6 in Unarmed Combat
  4315 | D:4      | Reached skill level 5 in Dodging
  4422 | D:4      | Found a stormy altar of Qazlal.
  4432 | D:4      | Became a worshipper of Qazlal Stormbringer
  4700 | D:5      | Entered Level 5 of the Dungeon
  4733 | D:5      | Noticed Duvessa
  4740 | D:5      | Killed Duvessa
  4740 | D:5      | Reached skill level 7 in Unarmed Combat
  4740 | D:5      | Reached XP level 8. HP: 53/55 MP: 9/11
  4741 | D:5      | Noticed Dowan
  4753 | D:5      | Killed Dowan
  4808 | D:5      | Noticed Edmund
  4815 | D:5      | Killed Edmund
  4920 | D:5      | Found a white marble altar of Elyvilon.
  5243 | D:5      | Found a staircase to the Ecumenical Temple.
  5443 | Temple   | Entered the Ecumenical Temple
  5621 | D:6      | Noticed Lusmu's ghost (novice MfIE)
  5846 | D:6      | Reached skill level 8 in Unarmed Combat
  6574 | D:6      | Reached * piety under Qazlal
  6812 | D:6      | Noticed Eustachio
  6839 | D:6      | Reached skill level 5 in Poison Magic
  6839 | D:6      | Reached XP level 9. HP: 53/61 MP: 8/12
  6865 | D:6      | Killed Eustachio
  6865 | D:6      | Reached skill level 9 in Unarmed Combat
  7346 | D:6      | Reached ** piety under Qazlal
  8092 | D:6      | Found a blossoming altar of Fedhas.
  8286 | D:6      | Noticed Pikel
  8300 | D:6      | Killed Pikel
  8300 | D:6      | Reached skill level 10 in Unarmed Combat
  8726 | D:7      | Found Huisood's Book Shoppe.
  9148 | D:7      | Found a shadowy altar of Dithmenos.
  9167 | D:7      | Reached XP level 10. HP: 64/67 MP: 10/13
  9343 | D:8      | Reached skill level 11 in Unarmed Combat
  9427 | D:8      | Reached *** piety under Qazlal
  9570 | D:8      | Noticed Gastronok
 10430 | D:8      | Slain by Gastronok

Skill      XL: |  1  2  3  4  5  6  7  8  9 10 |
---------------+-------------------------------+-----
Dodging        | 3 4 5 7 8 |  8.4
Transmutations | 3 4 5 6 7 8 9 |  9.2
Unarmed Combat | 4 5 7 8 10 11 | 11.7
Poison Magic   | 1 2 3 4 5 6 |  6.4
Fighting       | 2 |  2.4
Spellcasting   | |  2.0

Action                   |  1- 3 |  4- 6 |  7- 9 | 10-12 || total
-------------------------+-------+-------+-------+-------++-------
Melee: Unarmed           |   106 |   203 |   416 |   137 ||   862
       Headbutt          |    14 |    10 |     1 |       ||    25
       Punch             |     1 |       |       |       ||     1
       Tailslap          |       |       |     1 |       ||     1
 Cast: Beastly Appendage |    15 |    16 |     4 |       ||    35
       Spider Form       |     1 |    18 |    46 |    16 ||    81
       Sticks to Snakes  |       |       |     2 |       ||     2
Evoke: Wand              |       |       |     2 |       ||     2
  Use: Scroll            |     4 |    10 |     8 |     3 ||    25
       Potion            |       |     3 |     1 |     2 ||     6
 Stab: Sleeping          |       |       |     3 |       ||     3
       Invisible         |       |       |     1 |       ||     1
  Eat: Chunk             |     1 |    22 |    23 |     9 ||    55
Armor: Robe              |    28 |     8 |     6 |     1 ||    43
       Skin              |       |     6 |    11 |     2 ||    19
Dodge: Dodged            |    86 |   168 |   376 |   142 ||   772
Block: Other             |       |       |    14 |    26 ||    40
